 Dungeon Crawl Stone Soup version 0.30-a0-726-gd89dcf765f (webtiles) character file.

Game seed: 12240383683842799648

37 Arximoufas the Shield-Bearer (level 3, -1/33 HPs)
             Began as a Minotaur Fighter on Jan 29, 2023.
             Slain by an orc
             ... wielding a +0 trident
              (3 damage)
             ... on level 2 of the Dungeon.
             The game lasted 00:01:26 (647 turns).

Arximoufas the Shield-Bearer (Minotaur Fighter)      Turns: 647, Time: 00:01:26

Health: -1/33      AC:  6    Str: 22    XL:     3   Next: 23%
Magic:  2/2        EV:  9    Int:  5    God:
Gold:   39         SH:  4    Dex:  9    Spells: 2/2 levels left

rFire   . . .      SeeInvis .    a - +0 war axe
rCold   . . .      Faith    .    c - +0 buckler
rNeg    . . .      Spirit   .    b - +0 scale mail
rPois   .          Reflect  .    (helmet restricted)
rElec   .          Harm     .    (no cloak)
rCorr   .          Rampage  .    (no gloves)
Will    .....                    (no boots) Stlth
                                 (no amulet)
HPRegen 0.25/turn                (no ring)
MPRegen 0.08/turn                (no ring)

@: no status effects
A: horns 2, retaliatory headbutt
a: no special abilities


You were on level 2 of the Dungeon.
You visited 1 branch of the dungeon, and saw 2 of its levels.

You collected 39 gold pieces.

Inventory:

Hand Weapons
 a - a +0 war axe (weapon)
Armour
 b - a +0 scale mail (worn)
 c - a +0 buckler (worn)
Scrolls
 e - 2 scrolls of identify {unknown}
 g - a scroll of vulnerability {unknown}
Potions
 d - a potion of might
 f - 3 potions of curing {unknown}


   Skills:
 + Level 4.0 Fighting
 * Level 3.6 Axes
 - Level 3.6 Armour
 + Level 4.1 Shields


You had 2 spell levels left.
You didn't know any spells.
Your spell library contained the following spells:

 Spells                   Type           Power      Damage    Failure   Level
 Freeze                   Ice            0%         1d3       87%         1
 Frozen Ramparts          Ice            0%         1d1       99%         3
 Hailstorm                Conj/Ice       0%         3d3       99%         3
 Kindle Blastsparks       Fire/Tloc/Air  0%         2d10      99%         3
 Ignition                 Fire           0%         3d3       100%        8
 Fire Storm               Conj/Fire      0%         5d1       100%        9


Dungeon Overview and Level Annotations

Branches:
Dungeon (2/15)

Altars:


Innate Abilities, Weirdness & Mutations

You have a pair of horns on your head.
You reflexively headbutt those who attack you in melee.


Message History

You hit the orc. You slash the orc!
You kill the orc!
You block the orc's attack.
You closely miss the orc.
The orc is severely wounded.
You completely miss the orc. The orc closely misses you.
The orc barely misses you.
The orc hits you from afar with a +0 trident!
You block the orc's attack. The orc closely misses you.
The orc hits you with a +0 hand axe.
You are too injured to fight recklessly!
You are too injured to fight recklessly!
You are too injured to fight recklessly!
Unknown command.
You are too injured to fight recklessly!
You are too injured to fight recklessly!
You hit the orc but do no damage.
The orc is severely wounded.
You completely miss the orc. The orc hits you with a +0 hand axe.
The orc hits you with a +1 mace of protection.
* * * LOW HITPOINT WARNING * * *
The orc hits you but does no damage.
You hit the orc.
The orc is severely wounded.
You closely miss the orc. The orc closely misses you.
You block the orc's attack. The orc barely misses you.
You closely miss the orc.
The orc is severely wounded.
You hit the orc. The orc closely misses you.
The orc hits you but does no damage. x2
The orc hits you with a +1 mace of protection.
* * * LOW HITPOINT WARNING * * *
The orc closely misses you. The orc hits you with a +0 hand axe.
* * * LOW HITPOINT WARNING * * *
You barely miss the orc.
The orc is severely wounded.
You hit the orc.
You kill the orc!
The orc hits you from afar with a +0 trident.
You die...

..###...... .......#
.#....... ....##.#
#.......# .
###....#####.......# .#
# ##............... ..#
#
#..#######......##...#
# #.## #......o....#
###.# #....o...# .#..#
#....@).#
.#.##########...).###.
.......................
.).##########.#######.#
.### ##.# .## ##..#
..#########...#
............###
##>####......#


You could see 2 orcs.

Vanquished Creatures
  2 dart slugs (D:2)
  3 orcs (D:2)
  4 endoplasms
  A giant cockroach (D:1)
  2 goblins (D:1)
  A hobgoblin (D:1)
  3 jackals (D:1)
  A quokka (D:1)
  3 ball pythons
  3 bats
  2 frilled lizards (D:1)
  3 kobolds
  3 rats (D:1)
31 creatures vanquished.

Notes
Turn   | Place    | Note
-------+----------+-------------------------------------------
     0 | D:1      | Arximoufas the Minotaur Fighter began the quest for the
                  | Orb.
     0 | D:1      | Reached XP level 1. HP: 19/19 MP: 0/0
    25 | D:1      | Got the Compilation of Soot
   115 | D:1      | Reached XP level 2. HP: 24/27 MP: 1/1
   475 | D:1      | You fall into a shaft and drop 1 floor!
   575 | D:2      | Found a faded altar of an unknown god.
   577 | D:2      | Reached XP level 3. HP: 33/33 MP: 2/2
   647 | D:2      | Slain by an orc

Illustrated notes

Levels and vault maps discovered:
D:1:      reono_arrival_forest_river, layout_loops_ring
D:2:      layout_rooms, ebering_ecumenical_altar_abandoned, minmay_tromino_v4_a,
          uniq_sigmund

Skill      XL: |  1  2 |
---------------+-------+-----
Axes           | 3 |  3.6
Shields        | 4 |  4.1
Fighting       | 4 |  4.0
Armour         | |  3.6

Action                     || total
---------------------------++-------
  Melee: War axe           ||    62
         Headbutt          ||    13
 Armour: Scale mail        ||    27
  Dodge: Dodged            ||    26
  Block: Buckler           ||    14

Table legend: (Time is in decaauts)
 A = Elapsed time spent in this place.
 B = Non-inter-level travel time spent in this place.
 C = Inter-level travel time spent in this place.
 D = Time resting spent in this place.
 E = Time spent auto-exploring this place.
 F = Levels seen in this place.
 G = Mean time per level.
                   A        B        C        D        E       F      G
               +--------+--------+--------+--------+--------+-----+--------+
         Total |    678 |    678 |      0 |      0 |    509 |   2 |  339.0 |
       Dungeon |    678 |    678 |      0 |      0 |    509 |   2 |  339.0 |
               +--------+--------+--------+--------+--------+-----+--------+

Top non-repeatable levels by time:
     D:1: 500 daAuts
     D:2: 178 daAuts
